 Dungeon Crawl Stone Soup version 0.31.0-11-ge490571c62 (webtiles) character file.

Game seed: 14093269555036744689

123 ces the Sneak (level 4, 0/23 HPs)
             Began as a Spriggan Brigand on Feb 2, 2024.
             Slain by an orc wizard
             ... wielding a +0 dagger
              (1 damage)
             ... on level 3 of the Dungeon.
             The game lasted 00:06:21 (2412 turns).

ces the Sneak (Spriggan Brigand)                    Turns: 2412, Time: 00:06:22

Health: 0/23       AC:  3    Str:  7    XL:     4   Next: 80%
Magic:  5/5        EV: 18    Int: 12    God:
Gold:   143        SH:  0    Dex: 18    Spells: 3/3 levels left

rFire   . . .        a - +2 dagger (venom)
rCold   + . .        (no shield)
rNeg    . . .        b - +0 robe
rPois   .            (helmet restricted)
rElec   .            c - +0 cloak
rCorr   .            (gloves unavailable)
SInv    +            (boots unavailable)
Will    .....        (no amulet)
Stlth   ++++         o - ring of protection from cold
HPRegen 0.23/turn    (no ring)
MPRegen 0.09/turn

%: no passive effects
@: very quick
A: very small, no large weapons, unfitting armour, see invisible, speed 3
a: no special abilities


You were on level 3 of the Dungeon.
You visited 1 branch of the dungeon, and saw 3 of its levels.

You collected 143 gold pieces.

Inventory:

Hand Weapons
 a - a +2 dagger of venom (weapon)
Missiles
 d - 10 poisoned darts (quivered)
 e - 3 curare-tipped darts
 l - a throwing net
Armour
 b - a +0 robe (worn)
 c - a +0 cloak (worn)
Jewellery
 o - a ring of protection from cold (left hand)
Scrolls
 f - a scroll of immolation {unknown}
 h - a scroll of identify {unknown}
 n - a scroll of teleportation {unknown}
 q - a scroll of amnesia {unknown}
 r - a scroll of enchant weapon {unknown}
Potions
 g - a potion of heal wounds {unknown}
 i - a potion of mutation {unknown}
 j - a potion of berserk rage {unknown}
 k - a potion of enlightenment {unknown}
 m - a potion of lignification {unknown}
 p - a potion of curing {unknown}
 s - a potion of brilliance {unknown}


   Skills:
 + Level 2.2 Fighting
 * Level 3.9 Short Blades
 - Level 2.0 Throwing
 + Level 2.9 Dodging
 + Level 6.7 Stealth


You had 3 spell levels left.
You didn't know any spells.
Your spell library was empty.

Dungeon Overview and Level Annotations

Branches:
Dungeon (3/15)

Altars:

Shops:
D:1 (   D:2 [


Innate Abilities, Weirdness & Mutations

You are very small and have problems with some larger weapons.
You are too small for most types of armour.
You have supernaturally acute eyesight. (SInv)
You cover ground extremely quickly. (Speed+++)


Message History

Found a scroll labelled IXOTEXZEPI.
A ribbon worm is nearby!
The ribbon worm expels a string of sticky webbing.
The stream of webbing misses you.
Found a black potion.
You hit the ribbon worm but do no damage.
The ribbon worm is poisoned.
You hit the ribbon worm.
The ribbon worm looks as sick as possible!
The ribbon worm is moderately wounded.
The ribbon worm misses you.
You barely miss the ribbon worm.
The ribbon worm is heavily wounded.
The ribbon worm closely misses you.
You hit the ribbon worm.
The ribbon worm looks as sick as possible!
The ribbon worm is heavily wounded.
You hit the ribbon worm.
You kill the ribbon worm!
No target in view!
r - a scroll labelled IXOTEXZEPI
s - a black potion You open the door. 2 orc priests and 2 orc wizards come into view.
Found 28 gold pieces.
Found a roughly hewn altar of Beogh.
An orc comes into view. It is wielding a +0 hand axe.
Found 51 gold pieces.
There is an open door here.
The orc priest shouts!
The orc wizard shouts!
The orc shouts!
The orc priest shouts!
The orc priest invokes the aid of Beogh against you.
Beogh smites you!
Ouch! That really hurt!
The orc wizard shouts!
The orc priest mumbles some strange prayers to Beogh against something.
Beogh smites you!
* * * LOW HITPOINT WARNING * * *
The orc wizard attacks as it pursues you!
The orc wizard hits you with a +0 dagger.
You die...

##############
####............#
#...............#
#.##..#####.....#
#.##.##$.o##....# ......
#)##.#.8$8$#....# #....#
#.##.@o.o$_#....# #....#
#....#.8$8.#....# #....#
######..##o$o##....# #....#
#........#####.....#
##....###.#####......†.....#
..)...+.....>##............+
##....#.#.##.##....†.......#
###'#....##.##............#
#)#..####+###############


You could see 2 orc priests, 2 orc wizards and an orc.

Vanquished Creatures
  A bombardier beetle (D:3)
  An adder (D:2)
  3 ribbon worms
  5 orcs (D:3)
  A ball python (D:1)
  8 bats
  6 endoplasms
  5 giant cockroaches
  9 goblins
  7 hobgoblins
  A jackal (D:1)
  3 quokkas
  2 frilled lizards
  7 kobolds
  10 rats
69 creatures vanquished.

Notes
Turn   | Place    | Note
-------+----------+-------------------------------------------
     0 | D:1      | ces the Spriggan Brigand began the quest for the Orb.
     0 | D:1      | Reached XP level 1. HP: 10/10 MP: 2/2
   116 | D:1      | Reached skill level 6 in Stealth
   233 | D:1      | Reached XP level 2. HP: 13/15 MP: 3/3
   295 | D:1      | Found Lenuowk's Weapon Boutique.
   495 | D:1      | Found a faded altar of an unknown god.
   775 | D:1      | Reached XP level 3. HP: 16/18 MP: 4/4
  1335 | D:2      | Found Enniuq's Antique Armour Emporium.
  2013 | D:3      | Reached XP level 4. HP: 20/23 MP: 5/5
  2412 | D:3      | HP: 1/23 [orc priest/divine providence (10)]
  2412 | D:3      | Slain by an orc wizard

Illustrated notes

Levels and vault maps discovered:
D:1:      dpeg_arrival_rooms_a, layout_loops_corners, serial_shops,
          nicolae_shop_scrapyard, hellmonk_ecumenical_altar_heavens_door,
          minmay_pentomino_p4
D:2:      layout_loops_ring, serial_shops, nicolae_shop_pleasant_corner_grove
D:3:      layout_basic, kennysheep_orc_chapel

Skill      XL: |  1  2  3 |
---------------+----------+-----
Stealth        | 6 |  6.7
Dodging        | 2 |  2.9
Short Blades   | 3 |  3.9
Fighting       | 2 |  2.2
Throwing       | |  2.0

Action                     |  1- 3 |  4- 6 || total
---------------------------+-------+-------++-------
  Melee: Dagger            |   117 |    60 ||   177
  Throw: Dart              |    44 |       ||    44
   Stab: Sleeping          |    18 |     1 ||    19
 Armour: Robe              |    29 |    12 ||    41
  Dodge: Dodged            |    61 |    29 ||    90
